 Dungeon Crawl Stone Soup version 0.31-a0-851-g7ff8af7976 (webtiles) character file.

Game seed: 15970848191471963377

37 Dirtsage the Ruffian (level 3, 0/23 HPs)
             Began as an Octopode Shapeshifter on Oct 7, 2023.
             Slain by Sigmund
             ... wielding a +0 scythe
              (12 damage)
             ... on level 2 of the Dungeon.
             The game lasted 00:01:32 (894 turns).

Dirtsage the Ruffian (Octopode Shapeshifter)         Turns: 894, Time: 00:01:32

Health: 0/23       AC:  1    Str: 15    XL:     3   Next: 41%
Magic:  3/3        EV: 13    Int: 12    God:
Gold:   36         SH:  0    Dex: 11    Spells: 2/2 levels left

rFire   . .          .
                       - Unarmed
rCold   . . .        (no shield)
rNeg    . . .        (helmet currently unavailable)
rPois   +            (no amulet)
rElec   .            P - ring of poison resistance
rCorr   .            (no ring)
SInv    .            (no ring)
Will    .....        (no ring)
Stlth   ++           (no ring)
HPRegen 0.23/turn    (no ring)
MPRegen 0.08/turn    (no ring)
                     (no ring)

%: no passive effects
@: beast-form
A: beast (slay +1), almost no armour, amphibious, 8 rings, camouflage 1,
gelatinous body 1, (nimble swimmer 1), tentacles
a: Begin Untransformation


You were on level 2 of the Dungeon.
You were a hulking beast.
You visited 1 branch of the dungeon, and saw 2 of its levels.

You collected 36 gold pieces.

Inventory:

Missiles
 i - a throwing net
Jewellery
 P - a ring of poison resistance (left tentacle)
Talismans
 b - a beast talisman (active)
 c - a flux talisman
Scrolls
 d - 2 scrolls of identify {unknown}
 f - a scroll of teleportation {unknown}
Potions
 a - a potion of lignification
 g - a potion of enlightenment
 h - a potion of haste


   Skills:
 + Level 1.5 Fighting
 + Level 2.4 Dodging
 * Level 3.6 Unarmed Combat
 + Level 3.2 Shapeshifting


You had 2 spell levels left.
You didn't know any spells.
Your spell library contained the following spells:

 Spells                   Type           Power      Damage    Failure   Level
 Frozen Ramparts          Ice            0%         1d1       69%         3
 Petrify                  Tmut/Erth      0%         N/A       97%         4
 Metabolic Englaciation   Hex/Ice        0%         N/A       100%        5


Dungeon Overview and Level Annotations

Branches:
Dungeon (2/15)

Altars:

Annotations:
D:2 Sigmund


Innate Abilities, Weirdness & Mutations

You are a hulking beast.
Your limbs bulge with bestial killing power. (Slay +1)
You cannot wear most types of armour.
You are amphibious.
You can wear up to eight rings at the same time.
Your skin changes colour to match your surroundings (Stealth+).
Your rubbery body absorbs attacks. (AC +1, EV +1)
((You are camouflaged when in or above water. (Stealth+)))
You have tentacles for arms and can constrict up to eight enemies at once.


Message History

A jackal comes into view.
A jackal is nearby!
A jackal comes into view.
The jackal bites you.
You take 2 damage, and have 21/23 hp.
You tentacle-slap the jackal. You grab the jackal.
The jackal is heavily wounded.
You constrict the jackal, but do no damage.
The jackal misses you.
You tentacle-slap the jackal.
You kill the jackal!
The jackal bites you.
You take 1 damage, and have 21/23 hp.
You tentacle-slap the jackal.
You kill the jackal!
No target in view!
Found a stone staircase leading up.
Health restored: 23 You now have 36 gold pieces (gained 6).
Found a stone staircase leading down.
There is a stone staircase leading up here.
Sigmund the Dreaded comes into view.
He is wielding a +0 scythe.
Found a stone staircase leading down.
Okay, then.
Sigmund shouts!
A goblin comes into view. It is wielding a +0 dagger.
Sigmund hits you from afar with a +0 scythe.
You take 2 damage, and have 21/23 hp.
Sigmund hits you with a +0 scythe!
You take 9 damage, and have 12/23 hp.
MASSIVE DAMAGE!!
The goblin shouts!
You tentacle-slap Sigmund. You grab Sigmund.
Sigmund is moderately wounded.
You constrict Sigmund, but do no damage.
You bludgeon Sigmund!
Sigmund is heavily wounded.
You constrict Sigmund. Sigmund hits you with a +0 scythe!
Ouch! That really hurt!
You die...
Sigmund begins carving another notch in his scythe.

.........##....
...............
...............
............#
#..........# #.
#.#....g...># #...
#.....@.....# #....
##....h....###......
.....................
..#.......?.....##.##.
......................
..#..................#
.....###...###.........#
.....##..#####.........#
#.....<.........##.....#
#.............##.......#


You could see Sigmund and a goblin.

Vanquished Creatures
  An adder (D:2)
  A worm (D:2)
  A dart slug (D:1)
  4 endoplasms (D:1)
  2 goblins
  2 hobgoblins (D:1)
  2 jackals (D:2)
  A quokka (D:1)
  6 ball pythons (D:1)
  2 kobolds (D:1)
22 creatures vanquished.

Notes
Turn   | Place    | Note
-------+----------+-------------------------------------------
     0 | D:1      | Dirtsage the Octopode Shapeshifter began the quest for the
                  | Orb.
     0 | D:1      | Reached XP level 1. HP: 13/13 MP: 1/1
   130 | D:1      | Reached XP level 2. HP: 15/18 MP: 2/2
   723 | D:2      | Reached XP level 3. HP: 6/23 MP: 3/3
   887 | D:2      | Noticed Sigmund
   894 | D:2      | Slain by Sigmund

Illustrated notes

Levels and vault maps discovered:
D:1:      ldierk_walled_garden, layout_basic, minmay_shallow_snake_nest
D:2:      layout_rooms, uniq_natasha, uniq_sigmund, uniq_terence

Action                     || total
---------------------------++-------
  Melee: Unarmed           ||    42
         Tentacles         ||     8
         Constrict         ||    10
    Use: Potion            ||     3
   Stab: Sleeping          ||     3
 Armour: Skin              ||    14
  Dodge: Dodged            ||    18

Table legend: (Time is in decaauts)
 A = Elapsed time spent in this place.
 B = Non-inter-level travel time spent in this place.
 C = Inter-level travel time spent in this place.
 D = Time resting spent in this place.
 E = Time spent auto-exploring this place.
 F = Levels seen in this place.
 G = Mean time per level.
                   A        B        C        D        E       F      G
               +--------+--------+--------+--------+--------+-----+--------+
         Total |    870 |    859 |     11 |      0 |    732 |   2 |  435.0 |
       Dungeon |    870 |    859 |     11 |      0 |    732 |   2 |  435.0 |
               +--------+--------+--------+--------+--------+-----+--------+

Top non-repeatable levels by time:
     D:1: 700 daAuts
     D:2: 170 daAuts
